AoeStats
← uli2099

Arena

510077281Analyzed
2v2 RM · 4d ago on Sep 29, 2026· 42m 54s· 4 players
Game mode
Random Map
Map size
Medium (4 player)
Population
200
Speed
Normal
Resources
Standard
Victory
Conquest
Starting age
Dark Age
Ending age
Imperial Age
RankedLock teamsTeams togetherTeam positionsShared explorationLock speedFull tech treeHidden civsTurbo modeCheats
Victory
Defeat
🇨🇳 Spanish · China
1388
+17
🇻🇳 Italians · Vietnam
1340
+18
🇦🇷 Italians · Argentina
1412
-18
🇩🇪 Persians · Germany
1390
-17
uli2099
10:27 Feudal Age
11:14 Loom
12:32 Double-Bit Axe
14:49 Castle Age
12:41 Horse Collar
15:46 Bow Saw
21:18 Stone Mining
23:14 Fletching
27:37 Bodkin Arrow
30:52 Wheelbarrow
[TBArg] kaos_leo
12:46 Feudal Age
11:02 Loom
16:23 Castle Age
14:18 Double-Bit Axe
14:36 Fletching
17:46 Bodkin Arrow
17:14 Crossbowman
23:57 Imperial Age
22:48 Padded Archer Armor
23:12 Pikeman
24:05 Arbalester
26:03 Chemistry
38:03 Ballistics
38:42 Bracer
无助小羊
10:09 Feudal Age
9:01 Loom
14:16 Castle Age
24:47 Fletching
27:24 Bodkin Arrow
37:26 Imperial Age
35:41 Padded Archer Armor
37:04 Wheelbarrow
36:36 Double-Bit Axe
37:10 Husbandry
38:28 Leather Archer Armor
38:35 Hand Cart
38:39 Bloodlines
38:25 Horse Collar
40:53 Ring Archer Armor
mryendl2410
12:16 Feudal Age
11:36 Loom
13:34 Double-Bit Axe
16:09 Castle Age
14:01 Horse Collar
14:55 Gold Mining
18:52 Bow Saw
24:45 Imperial Age
22:33 Heavy Plow
23:01 Fletching
32:36 Crossbowman
32:55 Elite Skirmisher
33:31 Bodkin Arrow
36:21 Bracer
36:23 Padded Archer Armor
37:41 Wheelbarrow
40:02 Ballistics
41:56 Leather Archer Armor
42:24 Crossbowman
43:10 Thumb Ring
Connection lost

Rejoining the realm…

Still unreachable

The connection could not be restored.

Session expired

The server has moved on; the page needs a fresh start.